 Dungeon Crawl Stone Soup version 0.31.0-11-ge490571c62 (webtiles) character file.

Game seed: 14078324906580717067

119 qw the Skirmisher (level 4, 0/25 HPs)
             Began as a Deep Elf Hunter on Feb 4, 2024.
             Succumbed to a kobold's poison
             ... on level 3 of the Dungeon.
             The game lasted 00:00:07 (2530 turns).

qw the Skirmisher (Deep Elf Hunter)                 Turns: 2530, Time: 00:00:07

Health: 0/25       AC:  5    Str: 10    XL:     4   Next: 74%
Magic:  6/6        EV: 11    Int: 14    God:
Gold:   166        SH:  0    Dex: 18    Spells: 3/3 levels left

rFire   . . .        a - +1 shortbow
rCold   . . .        (shield currently unavailable)
rNeg    . . .        f - +0 ring mail
rPois   .            (no helmet)
rElec   .            (no cloak)
rCorr   .            (no gloves)
SInv    .            (no boots)
Will    .....        (no amulet)
Stlth   +            (no ring)
HPRegen 0.24/turn    (no ring)
MPRegen 0.10/turn

%: no passive effects
@: lethally poisoned (0 -> -1)
A: no striking features
a: no special abilities


You were on level 3 of the Dungeon.
You visited 1 branch of the dungeon, and saw 3 of its levels.

You collected 166 gold pieces.


   Skills:
 - Level 1.5 Fighting
 + Level 8.2 Ranged Weapons
 - Level 2.4 Dodging
 - Level 1.2 Stealth


You had 3 spell levels left.
You didn't know any spells.
Your spell library was empty.

Inventory:

Hand Weapons
 a - a +1 shortbow (weapon)
Armour
 d - a scarf of harm
 f - a +0 ring mail (worn)
Scrolls
 c - a scroll of identify
Potions
 b - a potion of haste {unknown}
 i - a potion of mutation
 k - a potion of ambrosia {unknown}

Dungeon Overview and Level Annotations

Branches:
Dungeon (3/15)

Altars:

Shops:
D:3 (

Annotations:
D:3 1 runed translucent door, qw's ghost, amateur SpHu


Message History

You see here a hobgoblin skeleton.
You see here 7 stones.
You see here a rat skeleton.
Found a stone staircase leading down.
You now have 166 gold pieces (gained 17).
A kobold comes into view.
It is wielding a +0 short sword and quivering poisoned darts.
The kobold shouts!
The kobold throws a poisoned dart.
The poisoned dart hits you!
You are poisoned.
You shoot an arrow. The arrow closely misses the kobold.
You feel very sick.
2518 ||| FLEEEEING.
You feel sick.
The kobold throws a poisoned dart.
The poisoned dart hits you!
You are more poisoned.
2519 ||| FLEEEEING.
You feel very sick.
2520 ||| FLEEEEING.
You feel sick.
The kobold throws a poisoned dart.
The poisoned dart hits you!
You are lethally poisoned!
2521 ||| FLEEEEING.
You feel very sick.
2522 ||| FLEEEEING.
You feel very sick.
2523 ||| FLEEEEING.
You feel sick.
2524 ||| FLEEEEING.
You feel sick.
2525 ||| FLEEEEING.
You feel sick.
There is a lethal amount of poison in your body!
You feel sick.
There is a lethal amount of poison in your body!
You feel sick.
There is a lethal amount of poison in your body!
You feel sick.
2529 ||| FLEEEEING.
You feel sick.
The kobold throws a poisoned dart.
The poisoned dart closely misses you.
2530 ||| FLEEEEING.
You die...

##### #.####.#####....... # ...
#.##............... #.
#.#######......#.....###...
#>##.#.K..###.....+....##W##..
#.........# #.#%###...##...##.
#!........###.#.# #..##..?..##
#....K.....^..#%#.# #..+...7..}#
#.######....#.#.#.###..##..!..##
.. #....#.#@#.#.....##...##. .
#.................##}##..
########.#.#.#.#...###...
##..)..#..[.......#
#.##.###.........## #....#
########### ##.### #...# ###.###


There were no monsters in sight!

Vanquished Creatures
  A bombardier beetle (D:3)
  4 adders
  7 endoplasms
  3 giant cockroaches
  4 goblins
  5 hobgoblins
  4 jackals (D:3)
  2 quokkas
  6 ball pythons
  3 bats
  2 frilled lizards
  4 kobolds
  6 rats
51 creatures vanquished.

Notes
Turn   | Place    | Note
-------+----------+-------------------------------------------
     0 | D:1      | qw the Deep Elf Hunter began the quest for the Orb.
     0 | D:1      | Reached XP level 1. HP: 12/12 MP: 3/3
     0 | D:1      | 0 ||| qw: Version: 0.3-a-160-g6735b56
     0 | D:1      | 0 ||| qw: Game counter: 5089
     0 | D:1      | 0 ||| qw: Melee chars always use a shield: true
     0 | D:1      | 0 ||| qw: God list: Okawaru
     0 | D:1      | 0 ||| qw: Allow faded altars: false
     0 | D:1      | 0 ||| qw: Do Orc after clearing Dungeon:15 true
     0 | D:1      | 0 ||| qw: Do second Lair branch before Depths: true
     0 | D:1      | 0 ||| qw: Lair rune preference: random
     0 | D:1      | 0 ||| qw: Goals: Normal
     0 | D:1      | 0 ||| PLANNING D:1-11
   451 | D:1      | Reached skill level 6 in Ranged Weapons
   451 | D:1      | Reached XP level 2. HP: 16/16 MP: 4/4
   998 | D:1      | 998 ||| UPGRADING to +0 ring mail.
  1008 | D:1      | 1008 ||| DROPPING +0 leather armour.
  1009 | D:1      | 1009 ||| READING scroll labelled PASISIDEAN.
  1014 | D:1      | 1014 ||| READING scroll labelled NEDESO GEEVUL.
  1014 | D:1      | 1014 ||| IDENTIFYING fizzy red potion
  1015 | D:1      | 1015 ||| READING scroll labelled HAEKAKK HUMOD.
  1016 | D:1      | 1016 ||| READING scroll labelled MALAWECHULO.
  1117 | D:1      | 1117 ||| READING scroll labelled JUIMYCE CEANK.
  1118 | D:1      | 1118 ||| DROPPING scroll of butterflies.
  1477 | D:2      | Reached XP level 3. HP: 20/20 MP: 5/5
  1697 | D:2      | Reached skill level 7 in Ranged Weapons
  1960 | D:2      | 1960 ||| DROPPING ring of flight.
  1961 | D:2      | 1961 ||| READING scroll labelled MEPRAWNENIGH.
  1961 | D:2      | 1961 ||| ENCHANTING +0 shortbow.
  2033 | D:3      | Reached XP level 4. HP: 25/25 MP: 6/6
  2112 | D:3      | Found Sellaij's Antique Weapon Shop.
  2219 | D:3      | Noticed qw's ghost (amateur SpHu)
  2223 | D:3      | Found a runed translucent door.
  2258 | D:3      | Reached skill level 8 in Ranged Weapons
  2518 | D:3      | 2518 ||| FLEEEEING.
  2519 | D:3      | 2519 ||| FLEEEEING.
  2520 | D:3      | 2520 ||| FLEEEEING.
  2521 | D:3      | 2521 ||| FLEEEEING.
  2522 | D:3      | 2522 ||| FLEEEEING.
  2523 | D:3      | 2523 ||| FLEEEEING.
  2524 | D:3      | 2524 ||| FLEEEEING.
  2524 | D:3      | HP: 5/25 [poisoned by a kobold]
  2525 | D:3      | 2525 ||| FLEEEEING.
  2527 | D:3      | HP: 2/25 [poisoned by a kobold]
  2529 | D:3      | 2529 ||| FLEEEEING.
  2530 | D:3      | 2530 ||| FLEEEEING.
  2530 | D:3      | Succumbed to a kobold's poison

Levels and vault maps discovered:
D:1:      lightli_arrival_chessboard, layout_loops_corners, serial_forest,
          infiniplex_forest_diagonal, infiniplex_forest_clump_cross,
          infiniplex_forest_fountain, infiniplex_forest_clump_curved,
          infiniplex_forest_clump_small, infiniplex_forest_corner_1,
          infiniplex_forest_lined_3_way, infiniplex_forest_corner_1,
          infiniplex_forest_lined_room_2, infiniplex_forest_straight_3,
          minmay_pentomino_s2
D:2:      layout_loops_corners
D:3:      layout_basic, hellmonk_ghost_happy_afterlife, serial_shops,
          nicolae_lakefront_shop, uniq_crazy_yiuf_cottage

Skill      XL: |  1  2  3  4 |
---------------+-------------+-----
Ranged Weapons | 6 7 8 |  8.2
Fighting       | |  1.5
Dodging        | |  2.4
Stealth        | |  1.2

Action                     |  1- 3 |  4- 6 || total
---------------------------+-------+-------++-------
   Fire: Shortbow          |    80 |    49 ||   129
    Use: Scroll            |     6 |       ||     6
 Armour: Ring mail         |    10 |     7 ||    17
  Dodge: Dodged            |    11 |    18 ||    29

Table legend:
 A = Non-vault XP
 B = Vault XP
 C = Vault XP percentage of total XP
 D = Non-vault monster count
 E = Vault monster count
 F = Vault count percentage of total count
                 A         B        C        D         E       F
            +---------+---------+-------+---------+---------+-------
      Total |     167 |       4 |   2.3 |      49 |       2 |   3.9
            +---------+---------+-------+---------+---------+-------
        D:1 |      12 |       4 |  25.0 |       8 |       2 |  20.0
        D:2 |      53 |       0 |   0.0 |      18 |       0 |   0.0
        D:3 |     102 |       0 |   0.0 |      23 |       0 |   0.0
            +---------+---------+-------+---------+---------+-------
